 Dungeon Crawl Stone Soup version 0.24.0-13-gcf9b319 (webtiles) character file.

Game seed: 5946177762007323874, levelgen mode: deterministic

6137 Bronimir the Tainter (level 11, -11/71 HPs)
             Began as a Formicid Venom Mage on Mar 5, 2020.
             Was an Elder of Hepliaklqana.
             Killed from afar by an efreet (27 damage)
             ... with a bolt of fire
             ... on level 10 of the Dungeon.
             The game lasted 00:35:59 (11589 turns).

Bronimir the Tainter (Formicid Venom Mage)         Turns: 11589, Time: 00:36:00

Health: -11/71     AC: 13    Str: 17    XL:     11   Next: 13%
Magic:  16/18      EV: 13    Int: 16    God:    Hepliaklqana [****..]
Gold:   333        SH:  0    Dex: 11    Spells: 7/20 levels left

rFire    . . .     SeeInvis +   a - +3 morningstar (freeze)
rCold    . . .     Gourm    .   (no shield)
rNeg     . . .     Faith    .   V - +0 steam dragon scales
rPois    .         Spirit   .   (helmet unavailable)
rElec    .         Reflect  .   J - +0 cloak
rCorr    .         Harm     .   l - +0 pair of gloves
MR       +....                  r - +0 pair of boots
Stlth    ++........             F - amulet of inaccuracy (curse)
HPRegen  0.21/turn              x - +3 ring of protection
MPRegen  0.16/turn              k - +2 ring of strength

@: no status effects
A: permanent stasis, dig shafts and tunnels, four strong arms, reduced essence,
antennae 3
a: Dig, Shaft Self, Recall Ancestor, Ancestor Identity, Transference, Idealise,
Renounce Religion


You were on level 10 of the Dungeon.
You worshipped Hepliaklqana.
Hepliaklqana was greatly pleased with you.
You were hungry.

You visited 2 branches of the dungeon, and saw 11 of its levels.

You collected 333 gold pieces.

Inventory:

Hand Weapons
 a - a +3 morningstar of freezing (weapon)
 b - a +0 shortbow
 i - a +0 arbalest
 p - a +0 war axe
 t - a +0 hunting sling of flaming
 S - a +1 falchion of slicing
Missiles
 d - 56 bolts
 j - 208 stones
 s - 140 arrows
 z - 33 poisoned darts (quivered)
Armour
 l - a +0 pair of gloves (worn)
 r - a +0 pair of boots (worn)
 G - a +2 chain mail of positive energy
 J - a +0 cloak (worn)
 V - +0 steam dragon scales (worn)
Jewellery
 h - an uncursed ring of magical power
 k - a +2 ring of strength (right hand)
 m - an uncursed ring of fire {unknown}
 n - an uncursed ring of resist corrosion {unknown}
 q - an uncursed ring of ice
 x - a +3 ring of protection (left hand)
 F - a cursed amulet of inaccuracy (around neck)
 P - an uncursed ring of magical power
Wands
 g - a wand of iceblast (7)
 A - a wand of acid (16)
 O - a wand of disintegration (16)
Scrolls
 y - 5 scrolls of identify
 C - 4 scrolls of amnesia {unknown}
 H - a scroll of magic mapping {unknown}
 I - a scroll of fog
 L - a scroll of immolation {unknown}
 M - a scroll of remove curse {unknown}
 N - a scroll of enchant armour {unknown}
Potions
 f - 2 potions of curing
 u - a potion of mutation {unknown}
 v - a potion of haste {unknown}
 w - a potion of degeneration {unknown}
 B - 2 potions of flight
 K - a potion of agility {unknown}
 Q - 2 potions of cancellation
 R - a potion of berserk rage {unknown}
 T - a potion of might {unknown}
Comestibles
 c - 12 rations


   Skills:
 + Level 5.1 Fighting
 + Level 6.9 Maces & Flails
 + Level 0.4(0.5) Slings
 + Level 0.7 Bows
 + Level 0.1(0.3) Throwing
 + Level 6.5 Armour
 * Level 4.3 Dodging
 - Level 2.4 Stealth
 + Level 0.5 Unarmed Combat
 + Level 5.0 Spellcasting
 * Level 4.7 Conjurations
 * Level 2.2 Fire Magic
 - Level 0.2 Air Magic
 + Level 9.0 Poison Magic
 + Level 3.7 Invocations
 * Level 4.7 Evocations


You had 7 spell levels left.
You knew the following spells:

 Your Spells              Type           Power        Failure   Level  Hunger
a - Sting                 Conj/Pois      ####         1%          1    None
b - Poisonous Vapours     Pois/Air       ###...       3%          2    #......
c - Olgreb's Toxic Radia  Pois           ####....     3%          4    ####...
d - Mephitic Cloud        Conj/Pois/Air  ###.....     7%          3    ###....
e - Conjure Flame         Conj/Fire      ###.....     11%         3    ###....

Your spell library contained the following spells:

 Spells                   Type           Power        Failure   Level  Hunger
 Venom Bolt               Conj/Pois      ####......   26%         5    ######.
 Freezing Cloud           Conj/Ice/Air   #.........   100%        6    #######
 Ring of Flames           Chrm/Fire      #.........   100%        7    #######


Dungeon Overview and Level Annotations

Branches:
Dungeon (10/15)            Temple (1/1) D:4            Lair (0/6) D:10
    Orc: D:9-12

Altars:
Ashenzari
Cheibriados
Dithmenos
Elyvilon
Fedhas
Gozag
Hepliaklqana
Kikubaaqudgha
Makhleb
Nemelex Xobeh
Okawaru
Qazlal
Ru
Sif Muna
Trog
Uskayaw
Vehumet
Wu Jian
Xom
Yredelemnul
Zin
The Shining One

Annotations:
D:4 1 runed translucent door
D:7 2 transporters


Innate Abilities, Weirdness & Mutations

You cannot be hasted, slowed, berserked, paralysed or teleported.
You can dig through walls and to a lower floor.
Your four strong arms can wield two-handed weapons with a shield.
You have a pair of large antennae on your head. (SInv)
Your life essence is reduced to manifest your ancestor. (-10% HP)


Message History

The efreet gestures at you. The bolt of fire hits you!
Xibit hits the efreet but does no damage.
You hit the efreet but do no damage.
The efreet is heavily wounded.
The efreet hits you with a +0 scimitar of flaming!
* * * LOW HITPOINT WARNING * * *
The efreet burns you.
* * * LOW HITPOINT WARNING * * *
Xibit hits the efreet but does no damage.
Okay, then.
Xibit hits the efreet with a +0 dagger of draining.
The efreet hits Xibit with a +0 scimitar of flaming!
The efreet burns Xibit.
Xibit hits the efreet but does no damage.
The efreet gestures at you.
The bolt of fire hits Xibit!
Xibit resists.
The bolt of fire hits you!!
You die...

########## ##........#
..........################.
.................R.........
.#####.######....R.........
.# #.# #.............. .#
#.# #...@.......... .# #.#
#.###.......... .+ #.# #.#
########### .# #.# #.# .#
#.# +.# .# #.#{ #. .# #. .#
.#


You could see the friendly Xibit the hexer and an efreet.

Vanquished Creatures
  A gargoyle (D:10)
  A troll (D:9)
  4 yaks (D:10)
  A steam dragon (D:10)
  2 soldier ants (D:9)
  3 orc warriors
  2 phantoms
  2 ogres
  2 sky beasts
  2 black bears
  2 centaurs
  3 bullfrogs
  2 wyvern skeletons
  3 scorpions
  8 killer bees
  3 howler monkeys (D:9)
  3 crimson imps
  A bullfrog zombie (D:5)
  4 hounds
  3 jellies
  3 orc priests (D:7)
  6 orc wizards
  3 centaur skeletons
  A hexer (D:9)
  3 iguanas
  9 worker ants
  14 adders
  A shadow imp (D:5)
  3 oozes
  An adder skeleton (D:10)
  An adder zombie (D:5)
  2 worms (D:3)
  4 dart slugs
  3 leopard geckos
  21 orcs
  5 bats
  5 giant cockroaches
  4 goblins (D:3)
  7 hobgoblins
  6 jackals
  2 quokkas
  3 ball pythons
  5 frilled lizards
  2 gnoll zombies (D:3)
  9 kobolds
  4 rats
179 creatures vanquished.

Vanquished Creatures (collateral kills)
  A hornet (D:9)
  A hippogriff (D:9)
  A hungry ghost (D:9)
  A sky beast (D:5)
  A centaur (D:8)
  3 bullfrogs
  3 killer bees
  A scorpion (D:9)
  A howler monkey (D:7)
  4 orc priests
  A centaur skeleton (D:9)
  A hound (D:7)
  2 orc wizards (D:4)
  2 iguanas
  A worker ant (D:5)
  2 adders (D:4)
  A worm (D:4)
  9 orcs
36 creatures vanquished.

Vanquished Creatures (others)
  A hexer (D:10)
1 creature vanquished.

Grand Total: 216 creatures vanquished

Notes
Turn   | Place    | Note
-------+----------+-------------------------------------------
     0 | D:1      | Bronimir the Formicid Venom Mage began the quest for the
                  | Orb.
     0 | D:1      | Reached XP level 1. HP: 13/13 MP: 3/3
   306 | D:1      | Reached XP level 2. HP: 19/19 MP: 1/5
   573 | D:1      | Learned a level 2 spell: Poisonous Vapours
   584 | D:1      | Reached skill level 1 in Conjurations
   725 | D:1      | Reached XP level 3. HP: 18/24 MP: 6/6
  1857 | D:2      | Reached skill level 1 in Armour
  1857 | D:2      | Reached skill level 5 in Poison Magic
  1857 | D:2      | Reached XP level 4. HP: 30/30 MP: 2/7
  2940 | D:3      | Reached XP level 5. HP: 36/36 MP: 9/9
  2953 | D:3      | Noticed an ogre
  2969 | D:3      | Killed an ogre
  2969 | D:3      | Reached skill level 1 in Fighting
  2969 | D:3      | Reached skill level 1 in Maces & Flails
  3328 | D:3      | Reached XP level 6. HP: 41/43 MP: 10/10
  3818 | D:3      | Found a basalt altar of Yredelemnul.
  3979 | D:4      | Found a staircase to the Ecumenical Temple.
  4026 | D:4      | Noticed a sky beast
  4049 | D:3      | HP: 1/44 [sky beast (5)]
  4069 | D:3      | You fall into a shaft and drop 1 floor!
  4074 | Temple   | Entered the Ecumenical Temple
  4509 | Temple   | Became a worshipper of Hepliaklqana the Forgotten
  4538 | D:4      | Reached XP level 7. HP: 22/45 MP: 12/12
  5267 | D:4      | Reached skill level 6 in Poison Magic
  5632 | D:4      | Found a white marble altar of Elyvilon.
  5632 | D:4      | Found a runed translucent door.
  5632 | D:4      | Noticed an angel
  5806 | D:5      | Entered Level 5 of the Dungeon
  5824 | D:5      | Reached XP level 8. HP: 44/52 MP: 13/13
  5987 | D:5      | Reached * piety under Hepliaklqana
  5987 | D:5      | Found a sparkling altar of Nemelex Xobeh.
  6581 | D:5      | Found a glowing golden altar of the Shining One.
  6667 | D:5      | Learned a level 4 spell: Olgreb's Toxic Radiance
  6671 | D:5      | Learned a level 3 spell: Mephitic Cloud
  6965 | D:6      | Found a snail-covered altar of Cheibriados.
  7093 | D:6      | Reached XP level 9. HP: 46/58 MP: 9/14
  7218 | D:6      | Reached ** piety under Hepliaklqana
  7219 | D:6      | Remembered your ancestor Xibit as a hexer
  7237 | D:6      | Reached skill level 5 in Maces & Flails
  7705 | D:7      | Reached skill level 7 in Poison Magic
  7721 | D:7      | Reached skill level 5 in Armour
  8201 | D:7      | Found a transporter.
  8224 | D:7      | Noticed a kobold demonologist
  8569 | D:7      | Found a shimmering altar of Xom.
  8602 | D:7      | Found an iron altar of Okawaru.
  8664 | D:7      | Reached skill level 1 in Invocations
  8676 | D:7      | Found a transporter.
  8678 | D:7      | Noticed a kobold demonologist
  8788 | D:7      | Reached skill level 1 in Evocations
  8799 | D:7      | Found a stormy altar of Qazlal.
  9174 | D:8      | Reached *** piety under Hepliaklqana
  9302 | D:8      | Reached skill level 8 in Poison Magic
  9313 | D:8      | Reached XP level 10. HP: 24/64 MP: 4/16
  9444 | D:8      | You fall into a shaft and drop 1 floor!
  9696 | D:9      | Found a white marble altar of Elyvilon.
 10260 | D:9      | Learned a level 3 spell: Conjure Flame
 10313 | D:9      | Reached skill level 1 in Fire Magic
 10738 | D:10     | Entered Level 10 of the Dungeon
 10818 | D:10     | Reached skill level 5 in Fighting
 10850 | D:10     | Reached XP level 11. HP: 35/71 MP: 3/18
 11154 | D:10     | Reached **** piety under Hepliaklqana
 11226 | D:10     | Reached skill level 5 in Spellcasting
 11226 | D:10     | Reached skill level 9 in Poison Magic
 11536 | D:10     | Found a staircase to the Lair.
 11589 | D:10     | Killed from afar by an efreet

Levels and vault maps discovered:
D:1:      nicolae_arrival_washed_ashore, layout_basic, dk_noncrumbling_2
D:2:      layout_basic
D:3:      layout_loops_ring, lemuel_zombie_altar_yredelemnul, first_ration
D:4:      layout_loops_ring, minmay_temple_entry_glass,
          hangedman_abyss_or_decor_lesser_grid, lemuel_angel_altar
D:5:      layout_gridville, tso_oasis_becter, old_standard_altar
D:6:      layout_loops_corners, cheibriados_altar_1, palyth_stone_intersect
D:7:      gammafunk_wand_slinger, layout_basic, nicolae_overflow_crystal_walls,
          kennysheep_mini_moat, nicolae_qazlal_style_of_elements
D:8:      layout_rooms, minmay_misc_feat_more_columns
D:9:      layout_loops_ring, lemuel_round_altar, hangedman_pestilent_swarm
D:10:     kennysheep_kobold_lugonu_temple, layout_irregular_city,
          lair_entry_dummy
Temple:   regret_index_temple_waves

Skill      XL: |  1  2  3  4  5  6  7  8  9 10 11 |
---------------+----------------------------------+-----
Conjurations   | 1 2 3 4 |  4.7
Dodging        | 2 3 4 |  4.3
Armour         | 1 2 3 4 5 6 |  6.5
Poison Magic   | 5 6 8 9 |  9.0
Fighting       | 1 2 3 4 5 |  5.1
Maces & Flails | 1 3 4 6 |  6.9
Spellcasting   | 3 4 5 |  5.0
Invocations    | 1 3 |  3.7
Evocations     | 2 4 |  4.7
Fire Magic     | 1 2 |  2.2
Slings         | |  0.4
Bows           | |  0.7
Throwing       | |  0.1
Stealth        | |  2.4
Unarmed Combat | |  0.5
Air Magic      | |  0.2

Action                   |  1- 3 |  4- 6 |  7- 9 | 10-12 || total
-------------------------+-------+-------+-------+-------++-------
Melee: Unarmed           |    30 |       |       |       ||    30
       Club              |    27 |     8 |       |       ||    35
       Flail             |       |    43 |       |       ||    43
       Morningstar       |       |    59 |   226 |   169 ||   454
       Punch             |       |       |     1 |       ||     1
 Fire: Hunting sling     |       |       |     2 |       ||     2
       Shortbow          |       |       |       |     4 ||     4
Throw: Dart              |       |       |     2 |     3 ||     5
 Cast: Sting             |    32 |     9 |     3 |     1 ||    45
       Poisonous Vapours |     5 |    25 |    12 |     3 ||    45
       Olgreb's Toxic Ra |       |       |     9 |     5 ||    14
       Mephitic Cloud    |       |       |     2 |     1 ||     3
Invok: Ancestor Identity |       |     1 |     1 |       ||     2
       Recall Ancestor   |       |     1 |       |     1 ||     2
       Ancestor Life: He |       |       |     1 |       ||     1
 Abil: Shaft Self        |       |     1 |       |       ||     1
       Dig               |       |       |       |     1 ||     1
Evoke: Wand              |       |       |       |     2 ||     2
  Use: Potion            |       |     2 |     3 |     3 ||     8
       Scroll            |       |       |     8 |     1 ||     9
 Stab: Sleeping          |     1 |     1 |     4 |     3 ||     9
       Distracted        |       |     1 |     1 |     3 ||     5
       Confused          |       |       |     1 |     3 ||     4
  Eat: Chunk             |     2 |     8 |    15 |     4 ||    29
       Ration            |       |     1 |     1 |     2 ||     4
Armor: Leather armour    |    20 |    35 |    78 |       ||   133
       Ring mail         |       |       |    41 |    72 ||   113
       Steam dragon scal |       |       |       |     8 ||     8
Dodge: Dodged            |    60 |   102 |   172 |    95 ||   429
